 Dungeon Crawl Stone Soup version 0.29.1-12-g30fa7ad0bf (webtiles) character file.

Game seed: 17112087565594181187

92 haze1103 the Sneak (level 4, -4/26 HPs)
             Began as a Kobold Brigand on Jan 6, 2023.
             Killed by divine providence
             ... invoked by an orc priest
              (11 damage)
             ... on level 3 of the Dungeon.
             The game lasted 00:06:46 (2361 turns).

haze1103 the Sneak (Kobold Brigand)                 Turns: 2361, Time: 00:06:47

Health: -4/26      AC:  3    Str:  8    XL:     4   Next: 90%
Magic:  4/4        EV: 14    Int: 12    God:
Gold:   126        SH:  0    Dex: 18    Spells: 1/3 levels left

rFire   . . .      SeeInvis .   p - +1 dagger (venom)
rCold   . . .      Faith    .   (no shield)
rNeg    . . .      Spirit   .   b - +0 robe
rPois   .          Reflect  .   (no helmet)
rElec   .          Harm     .   c - +0 cloak
rCorr   .          Rampage  .   (no gloves)
Will    .....                   (no boots)
Stlth   ++++......              (no amulet)
HPRegen 0.08/turn               (no ring)
MPRegen 0.09/turn               (no ring)

@: no status effects
A: small, no large weapons, nightstalker 3
a: no special abilities


You were on level 3 of the Dungeon.
You visited 1 branch of the dungeon, and saw 3 of its levels.

You collected 126 gold pieces.

Inventory:

Hand Weapons
 a - a +2 dagger
 p - a +1 dagger of venom (weapon)
Missiles
 d - 10 poisoned darts (quivered)
 e - 3 curare-tipped darts
 u - 4 boomerangs
Armour
 b - a +0 robe (worn)
 c - a +0 cloak (worn)
Scrolls
 f - a scroll of acquirement {unknown}
 g - 2 scrolls of identify {unknown}
 h - a scroll of butterflies {unknown}
 k - a scroll of enchant weapon {unknown}
 l - a scroll of enchant armour {unknown}
 m - a scroll of vulnerability {unknown}
 n - 3 scrolls of immolation {unknown}
 o - a scroll of poison {unknown}
Potions
 i - 5 potions of heal wounds {unknown}
 j - 2 potions of mutation {unknown}
 q - a potion of lignification {unknown}
 r - 2 potions of curing {unknown}
 s - 2 potions of cancellation {unknown}
 t - a potion of degeneration {unknown}


   Skills:
 - Level 2.1 Fighting
 + Level 4.0 Short Blades
 + Level 3.3 Throwing
 - Level 1.2 Dodging
 + Level 6.3 Stealth
 + Level 1.0 Summonings
 + Level 0.1 Ice Magic


You had one spell level left.
You knew the following spells:

 Your Spells              Type           Power      Damage    Failure   Level
a - Summon Small Mammal   Summ           8%         N/A       22%         1
b - Freeze                Ice            0%         1d3       30%         1

Your spell library contained the following spells:

 Spells                   Type           Power      Damage    Failure   Level
 Blink                    Tloc           0%         N/A       45%         2
 Call Canine Familiar     Summ           2%         N/A       54%         3
 Summon Guardian Golem    Hex/Summ       1%         N/A       63%         3
 Frozen Ramparts          Ice            0%         1d1       67%         3
 Ozocubu's Armour         Ice            0%         N/A       67%         3
 Lesser Beckoning         Tloc           0%         N/A       69%         3
 Hailstorm                Conj/Ice       0%         3d3       97%         4
 Manifold Assault         Tloc           0%         N/A       100%        5
 Metabolic Englaciation   Hex/Ice        0%         N/A       100%        5
 Simulacrum               Ice/Necr       0%         N/A       100%        6


Dungeon Overview and Level Annotations

Branches:
Dungeon (3/15)

Altars:


Innate Abilities, Weirdness & Mutations

You are small and have problems with some larger weapons.
You are completely attuned to the shadows.


Message History

You barely miss the goblin. The goblin hits you with a +0 club.
You closely miss the goblin. The goblin barely misses you.
You hit the goblin.
You kill the goblin!
Your Summonings skill increases to level 1!
You see here a +0 club.
A ball python comes into view.
An orc wizard comes into view. It is wielding a +0 dagger.
Found a robe.
The ball python bites you but does no damage.
The ball python grabs you. The ball python constricts you.
The orc wizard casts a spell at you. You resist with some effort.
The ball python misses you. The ball python constricts you.
You hit the ball python.
The ball python is moderately wounded.
The orc wizard casts a spell at you. The puff of flame misses you.
You closely miss the ball python.
The ball python is moderately wounded.
The ball python bites you. The ball python constricts you.
The orc priest hits you with a +0 club.
You hit the orc priest but do no damage.
The orc priest is poisoned.
The ball python barely misses you. The ball python constricts you.
The orc priest invokes the aid of Beogh against you.
Beogh smites you!
Unknown command.
You escape the ball python's grasp.
The ball python attacks as you move away!
The ball python bites you.
* * * LOW HITPOINT WARNING * * *
The ball python attacks as you move away!
The ball python bites you but does no damage.
The ball python barely misses you. x3
The ball python attacks as you move away!
The ball python barely misses you. x2
The orc priest mumbles some strange prayers to Beogh against you.
Beogh smites you!
You die...

#.#...###.#...#..
..#.............##
###...####.......##
#.......#.......).#####
...####......###..oo...
...#.............##....
...#.##.........o.#o..[
................S......
......##........@......
...##.##.........#....
...........#####......
...........# ###....
.##........# ##
.##........#
...........#
..#.......##
..#.......#


You could see an orc priest (very poisoned), an orc wizard and a ball python.

Vanquished Creatures
  2 adders
  2 worms (D:2)
  4 dart slugs
  2 orcs (D:3)
  A ball python (D:1)
  2 bats
  11 endoplasms
  4 giant cockroaches
  6 goblins
  5 hobgoblins
  2 quokkas
  3 frilled lizards
  3 kobolds (D:1)
  7 rats
  A bush (D:2)
55 creatures vanquished.

Vanquished Creatures (others)
  A plant (D:2)
1 creature vanquished.

Grand Total: 56 creatures vanquished

Notes
Turn   | Place    | Note
-------+----------+-------------------------------------------
     0 | D:1      | haze1103 the Kobold Brigand began the quest for the Orb.
     0 | D:1      | Reached XP level 1. HP: 12/12 MP: 1/1
    86 | D:1      | Reached XP level 2. HP: 17/17 MP: 2/2
   352 | D:1      | Reached XP level 3. HP: 21/21 MP: 3/3
   931 | D:2      | Learned a level 1 spell: Summon Small Mammal
   958 | D:2      | Reached skill level 6 in Stealth
  1063 | D:2      | Reached XP level 4. HP: 26/26 MP: 4/4
  1134 | D:2      | You fall into a shaft and drop 1 floor!
  1662 | D:2      | Found a faded altar of an unknown god.
  1747 | D:2      | Learned a level 1 spell: Freeze
  2343 | D:3      | Reached skill level 1 in Summonings
  2361 | D:3      | Killed from afar by an orc priest

Illustrated notes

Levels and vault maps discovered:
D:1:      minmay_arrival_four_circles, layout_basic, minmay_three_crescents
D:2:      layout_loops_cross, serial_forest, infiniplex_forest_straight_2,
          infiniplex_forest_straight_2, infiniplex_forest_straight_4,
          infiniplex_forest_lined_corner, infiniplex_forest_pool,
          infiniplex_forest_clump_tiny, infiniplex_forest_end_2,
          nicolae_ecumenical_oubliette
D:3:      layout_rooms

Skill      XL: |  1  2  3  4 |
---------------+-------------+-----
Short Blades   | 3 4 |  4.0
Throwing       | 3 |  3.3
Stealth        | 6 |  6.3
Summonings     | 1 |  1.0
Fighting       | |  2.1
Dodging        | |  1.2
Ice Magic      | |  0.1

Action                   |  1- 3 |  4- 6 || total
-------------------------+-------+-------++-------
Melee: Dagger            |    51 |   101 ||   152
       Punch             |     1 |       ||     1
Throw: Dart              |       |    14 ||    14
 Stab: Sleeping          |    25 |    12 ||    37
       Distracted        |       |     1 ||     1
Armor: Robe              |     2 |     9 ||    11
Dodge: Dodged            |    13 |    33 ||    46
